Map: Одиссея РВ

Players

ИИ 1 (ученик) - Winner!

  • Race: Terran Terran
  • Spawn Location: 5:00

Doll

  • Race: Zerg Zerg
  • Spawn Location: 11:00

VOD

Have the link to the VOD?

Description

Time

  • Played on: Sept. 21, 2022, 10:58 a.m.
  • Length: 3:36
Show
View Real Time Build Order
Export as new Build Order

ИИ 1 (ученик) Terran - Winner!

Build Orders: Cyclone Opening 

Get SALT Encoding   

  12  0:00  SCV  
  13  0:13  SCV  
  14  0:19  Supply Depot  
  14  0:25  SCV  
  15  0:40  SCV  
  16  0:44  Barracks  
  16  0:46  Refinery  
  16  0:53  SCV  
  16  0:55  Refinery  
  17  1:05  SCV  
  18  1:17  SCV  
  19  1:31  Marine  
  20  1:33  Orbital Command, Supply Depot  
  20  1:47  Factory  
  20  1:49  Reaper  
  21  1:59  SCV  
  22  2:11  SCV  
  23  2:21  Marine  
  24  2:23  SCV  
  25  2:31  Command Center  
  25  2:35  SCV  
  26  2:39  Factory Tech Lab  
  26  2:43  Barracks Reactor  
  26  2:47  SCV  
  27  2:56  Supply Depot  
  27  2:59  Cyclone, SCV  
  31  3:11  SCV  
  31  3:16  Starport  
  31  3:23  SCV  
  32  3:33  Factory  
Show
View Real Time Build Order
Export as new Build Order

Doll Zerg 

Build Orders: Hatch First 

Get SALT Encoding   

  12  0:00  Drone  
  13  0:13  Overlord  
  13  0:18  Drone  
  14  0:32  Drone x2  
  17  0:35  Drone  
  17  0:54  Hatchery  
  17  0:56  Drone  
  17  1:00  Extractor  
  17  1:01  Drone  
  17  1:19  Drone  
  17  1:20  Spawning Pool  
  17  1:23  Drone  
  18  1:29  Drone  
  19  1:50  Overlord  
  19  2:09  Drone  
  19  2:10  Queen x2  
  19  2:12  Zergling x2  
  25  2:17  Zergling x2  
  26  2:23  Drone  
  26  2:28  Drone  
  28  2:34  Drone  
  29  2:38  Drone  
  29  2:43  Spine Crawler  
  29  2:49  Drone x2  
  31  2:54  Drone  
  31  2:58  Queen  
  32  3:01  Overlord  
Tags
 
Add a new tag
Caveats
  • Supply blocks, unpowered buildings, or Contaminate may cause inaccurate times.
  • Supply counts are checked every 10 seconds.